 Dungeon Crawl Stone Soup version 0.30-a0-159-g068b764562 (webtiles) character file.

Game seed: 701176982397550889

3125 KennySheep the Skirmisher (level 9, -5/52 HPs)
             Began as a Tengu Hunter on Sept 27, 2022.
             Was an Initiate of Trog.
             Slain by a phantasmal warrior (7 damage)
             ... created by the anger of Yredelemnul
             ... on level 8 of the Dungeon.
             The game lasted 00:27:51 (6668 turns).

KennySheep the Skirmisher (Tengu Hunter)            Turns: 6668, Time: 00:27:51

Health: -5/52      AC:  7    Str: 12    XL:     9   Next: 92%
Magic:  10/10      EV: 17    Int:  9    God:    Trog [......]
Gold:   119        SH:  0    Dex: 22    Spells: 8/8 levels left

rFire   . . .      SeeInvis +    a - +2 arbalest (freeze)
rCold   . . .      Faith    .    (shield currently unavailable)
rNeg    . . .      Spirit   .    c - +1 leather armour
rPois   +          Reflect  .    (helmet restricted)
rElec   .          Harm     .    (no cloak)
rCorr   .          Rampage  .    q - +2 pair of gloves {hurl}
Will    .....                    (boots unavailable)
Stlth   ++++......               (no amulet)
HPRegen 0.17/turn                x - ring of Xom's Condemnation {Ice *Slow SInv Stlth+}
MPRegen 0.12/turn                y - ring of fire

@: flying quickly and evasively, slowed, very slow
A: beak, talons 3, nimble flight, poison resistance, wild magic 1, MP-powered
wands
a: Renounce Religion


You were on level 8 of the Dungeon.
You worshipped Trog.
Trog was noncommittal.
You visited 2 branches of the dungeon, and saw 9 of its levels.
You also visited: Sewer.

You collected 246 gold pieces.
You spent 127 gold pieces at shops.

Inventory:

Hand Weapons
 a - a +2 arbalest of freezing (weapon)
 b - a +0 dagger
 h - a +1 shortbow
 l - a +2 short sword of venom
 s - the +7 mace of the Spheres {vorpal, rPois}
   (You found it on level 4 of the Dungeon)

   It inflicts extra damage upon your enemies.
   rPois:     It protects you from poison.
Armour
 c - a +1 leather armour (worn)
 q - a +2 pair of gloves of hurling (worn)
 C - a scarf of shadows
Jewellery
 k - a ring of poison resistance
 o - a ring of positive energy
 u - a ring of magical power
 x - the ring of Xom's Condemnation (left hand) {Ice *Slow SInv Stlth+}
   (You found it on level 5 of the Dungeon)

   [ring of ice]

   It enhances your ice magic.
   rF:        It makes you vulnerable to fire.
   rC:        It protects you from cold.
   SInv:      It lets you see invisible.
   *Slow:     It may slow you when you take damage.
   Stlth:     It makes you more stealthy.
 y - a ring of fire (right hand)
Wands
 B - a wand of flame (15)
Scrolls
 d - a scroll of immolation
 n - 3 scrolls of fear
 p - a scroll of silence
 t - a scroll of torment
 v - 2 scrolls of enchant armour
 w - a scroll of identify
 A - a scroll of teleportation
Potions
 e - 2 potions of magic
 f - a potion of haste
 g - 4 potions of curing
 i - 4 potions of lignification
 j - a potion of attraction
 m - 3 potions of heal wounds
 r - 2 potions of mutation
 z - a potion of cancellation


   Skills:
 - Level 4.0 Fighting
 * Level 13.8 Ranged Weapons
 - Level 4.2 Dodging
 - Level 3.7 Stealth


You had 8 spell levels left.
You didn't know any spells.
Your spell library contained the following spells:

 Spells                   Type           Power      Damage    Failure   Level
 Ignite Poison            Fire/Tmut/Pois 0%         N/A       88%         3
 Kindle Blastsparks       Fire/Tloc/Air  0%         2d10      88%         3
 Mephitic Cloud           Conj/Pois/Air  0%         N/A       88%         3
 Petrify                  Tmut/Erth      0%         N/A       99%         4
 Sticky Flame             Conj/Fire      0%         2d3       99%         4
 Freezing Cloud           Conj/Ice/Air   0%         6-21      100%        5
 Metabolic Englaciation   Hex/Ice        0%         N/A       100%        5
 Statue Form              Tmut/Erth      0%         N/A       100%        6
 Ignition                 Fire           0%         3d3       100%        8


Dungeon Overview and Level Annotations

Branches:
Dungeon (8/15)             Temple (1/1) D:4           Sewer (visited)
   Lair: D:8-11

Altars:
Ashenzari
Dithmenos
Elyvilon
Fedhas
Gozag
Hepliaklqana
Kikubaaqudgha
Nemelex Xobeh
Okawaru
Qazlal
Ru
Sif Muna
Trog
Uskayaw
Vehumet
Wu Jian
Yredelemnul
Zin

Shops:
D:6 :*?


Innate Abilities, Weirdness & Mutations

You have a beak for a mouth.
You have claws for feet.
Your magical nature lets you fly swiftly and evasively.
Your system is resistant to poisons. (rPois)
Your spells are a little harder to cast, but a little more powerful.
You expend magic power (3 MP) to strengthen your wands.


Message History

Fire: a) +2 arbalest (freeze)
Press: ? - help, Q - select action, (/) - cycle Shift-Dir - straight line, f/p - killer bee
Aim: a killer bee (47% to hit)
You shoot a bolt. The bolt misses the killer bee.
The killer bee completely misses you. The killer bee stings you.
The killer bee completely misses you.
Fire: a) +2 arbalest (freeze)
Press: ? - help, Q - select action, (/) - cycle Shift-Dir - straight line, f/p - killer bee
Aim: a killer bee (47% to hit)
You shoot a bolt. The bolt misses the killer bee.
The killer bee misses you. The killer bee stings you.
* * * LOW HITPOINT WARNING * * *
The killer bee completely misses you.
Fire: a) +2 arbalest (freeze)
Press: ? - help, Q - select action, (/) - cycle Shift-Dir - straight line, f/p - killer bee
Aim: a killer bee (47% to hit)
You shoot a bolt. The bolt hits the killer bee.
The bolt freezes the killer bee.
The killer bee is lightly wounded.
The killer bee misses you. The killer bee stings you.
* * * LOW HITPOINT WARNING * * *
Fire: a) +2 arbalest (freeze)
Press: ? - help, Q - select action, (/) - cycle Shift-Dir - straight line, f/p - killer bee
Aim: a killer bee (lightly wounded, 47% to hit)
You shoot a bolt. The bolt hits the killer bee!!
The bolt freezes the killer bee.
You kill the killer bee!
Trog accepts your kill.
You start resting.
Yredelemnul sends a servant to punish you.
The divine experience drains your vigour!
You feel yourself slow down.
A phantasmal warrior comes into view.
You see here a killer bee corpse.
The phantasmal warrior hits you!!
* * * LOW HITPOINT WARNING * * *
Items here: )) [ †.
The phantasmal warrior attacks as you move away!
The phantasmal warrior hits you!
You die...

...#. .. ....
..# ... .. ...
.. ##.# #..## #.
#..# #..# #.##
## ##..## #..##
##W##.# #....#
#...###.@†)#
.....##
#...#..##.#
#.....##
#.....#####
##.....###....##
##.....#....##
##......##..#
##.)#####..#
#..# #)... #..##
#oo#...


You could see a phantasmal warrior.

Vanquished Creatures
  A two-headed ogre (D:6)
  Maggie (D:7)
  Edmund (D:4)
  A water moccasin (D:6)
  3 black bears
  A sky beast (D:6)
  An ogre (D:5)
  A centaur (D:5)
  2 phantoms
  A kobold brigand (Sewer)
  3 bullfrogs
  A necrophage (D:5)
  7 scorpions
  4 killer bees (D:8)
  2 hounds (D:5)
  2 orc priests
  Terence (D:2)
  2 iguanas
  2 orc wizards
  10 adders
  2 river rats (Sewer)
  A shadow imp (D:6)
  A white imp (D:6)
  A worm (D:2)
  A dart slug (D:4)
  22 orcs
  3 bats (D:1)
  3 endoplasms
  2 giant cockroaches (D:3)
  5 goblins
  6 hobgoblins
  2 jackals (Sewer)
  9 kobolds
  4 quokkas
  5 ball pythons
  7 rats
121 creatures vanquished.

Vanquished Creatures (collateral kills)
  An ufetubus (D:6)
  An orc (D:6)
  A bat (D:2)
  A jackal (Sewer)
  A kobold (Sewer)
5 creatures vanquished.

Vanquished Creatures (others)
  A hound zombie (D:5)
  A spectral shadow imp (D:6)
  An adder zombie (D:4)
  An endoplasm zombie (D:4)
  3 hobgoblin zombies (D:4)
  A jackal zombie (Sewer)
  3 kobold zombies (Sewer)
  2 orc zombies
13 creatures vanquished.

Grand Total: 139 creatures vanquished

Notes
Turn   | Place    | Note
-------+----------+-------------------------------------------
     0 | D:1      | KennySheep the Tengu Hunter began the quest for the Orb.
     0 | D:1      | Reached XP level 1. HP: 12/12 MP: 2/2
   116 | D:1      | Found a faded altar of an unknown god.
   124 | D:1      | Prayed at the altar of an unknown god.
   124 | D:1      | Became a worshipper of Yredelemnul the Dark
   124 | D:1      | Reached * piety under Yredelemnul
   283 | D:1      | Reached XP level 2. HP: 17/17 MP: 3/3
   667 | D:2      | Reached XP level 3. HP: 22/22 MP: 4/4
   929 | D:2      | Reached XP level 4. HP: 18/27 MP: 5/5
   932 | D:2      | Noticed Terence
  1070 | D:3      | Found a glowing drain.
  1083 | Sewer    | Entered a sewer
  1381 | Sewer    | Noticed a kobold brigand
  1393 | Sewer    | Killed a kobold brigand
  1394 | Sewer    | Reached skill level 5 in Ranged Weapons
  1394 | Sewer    | Gained mutation: Your magical nature lets you fly swiftly
                  | and evasively. [Tengu growth]
  1394 | Sewer    | Reached XP level 5. HP: 32/32 MP: 6/6
  1420 | Sewer    | Found a white marble altar of Elyvilon.
  1599 | D:3      | Noticed a phantom
  1704 | D:2      | Killed Terence
  2408 | D:3      | Reached XP level 6. HP: 37/37 MP: 7/7
  2823 | D:4      | Noticed Edmund
  2879 | D:3      | Reached skill level 6 in Ranged Weapons
  2921 | D:4      | Found a staircase to the Ecumenical Temple.
  2955 | D:4      | Reached XP level 7. HP: 40/43 MP: 8/8
  2974 | D:4      | Identified the +7 mace of the Spheres {vorpal, rPois}
  2988 | D:4      | Identified a scroll of acquirement
  2991 | D:4      | Acquired a +2 arbalest of freezing
  3438 | D:5      | Entered Level 5 of the Dungeon
  3522 | D:5      | Reached skill level 7 in Ranged Weapons
  3690 | D:5      | Reached skill level 8 in Ranged Weapons
  3692 | D:5      | Reached XP level 8. HP: 45/48 MP: 9/9
  3755 | D:5      | Identified the ring of Xom's Condemnation {Ice *Slow SInv
                  | Stlth+}
  3883 | D:5      | Found an opulent altar of Gozag.
  3884 | D:5      | Found a sparkling altar of Nemelex Xobeh.
  3993 | D:5      | Found a broken altar of Ashenzari.
  4081 | D:5      | Found an ornate altar of the Wu Jian Council.
  4258 | D:5      | Gained mutation: You have a pair of small antennae on your
                  | head. [potion of mutation]
  4258 | D:5      | Gained mutation: Your system is resistant to poisons.
                  | (rPois) [potion of mutation]
  4258 | D:5      | Gained mutation: Armour fits poorly on your strangely
                  | shaped body. [potion of mutation]
  4259 | D:5      | Lost mutation: Armour fits poorly on your strangely shaped
                  | body. [potion of mutation]
  4259 | D:5      | Lost mutation: You have a pair of small antennae on your
                  | head. [potion of mutation]
  4259 | D:5      | Gained mutation: Your spells are a little harder to cast,
                  | but a little more powerful. [potion of mutation]
  4259 | D:5      | Gained mutation: You expend magic power (3 MP) to
                  | strengthen your wands. [potion of mutation]
  4389 | D:6      | Found Qiotsemn's Book Boutique.
  4417 | D:6      | Found a stormy altar of Qazlal.
  4418 | D:6      | Found a blossoming altar of Fedhas.
  4430 | D:6      | Reached skill level 9 in Ranged Weapons
  4510 | D:6      | Reached skill level 10 in Ranged Weapons
  4518 | D:6      | Found Deczat's General Store.
  4545 | D:6      | Bought a scroll of identify for 28 gold pieces
  4597 | D:6      | Reached ** piety under Yredelemnul
  4641 | D:6      | Found Eptotuips's Magic Scroll Boutique.
  4649 | D:6      | Bought a scroll of fear for 44 gold pieces
  4649 | D:6      | Bought a scroll of teleportation for 33 gold pieces
  4649 | D:6      | Bought a scroll of identify for 22 gold pieces
  4663 | D:6      | Noticed a two-headed ogre
  4668 | D:6      | Killed a two-headed ogre
  4669 | D:6      | Reached skill level 12 in Ranged Weapons
  4669 | D:6      | Reached XP level 9. HP: 52/52 MP: 10/10
  5067 | D:7      | Noticed Maggie
  5380 | Temple   | Entered the Ecumenical Temple
  5430 | Temple   | Fell from the grace of Yredelemnul
  5430 | Temple   | Became a worshipper of Trog the Wrathful
  5539 | D:4      | Killed Edmund
  5773 | D:4      | Found a sacrificial altar of Ru.
  5813 | D:4      | Noticed a shadow wraith
  6004 | D:7      | Found an iron altar of Okawaru.
  6272 | D:7      | Killed Maggie
  6273 | D:7      | Reached skill level 13 in Ranged Weapons
  6281 | D:7      | Noticed a skeletal warrior
  6281 | D:7      | Noticed a skeletal warrior
  6487 | D:8      | Noticed a skeletal warrior
  6666 | D:8      | Noticed a phantasmal warrior
  6667 | D:8      | HP: 2/52 [phantasmal warrior[the anger of Yredelemnul]
                  | (22)]
  6668 | D:8      | Slain by a phantasmal warrior

Illustrated notes

Levels and vault maps discovered:
D:1:      dpeg_arrival_solitude, layout_loops_cross,
          shapermc_ecumenical_altar_starsandcircs
D:2:      layout_loops_ring, uniq_terence
D:3:      layout_basic, cheibrodos_sewer_entry_drain, serial_curves,
          eino_curves_01, eino_curves_01, eino_curves_01, eino_curves_04
D:4:      layout_basic, marbit_many_paths, minmay_temple_entry_mist, uniq_edmund
D:5:      layout_basic, grunt_temple_overflow_opulence, lemuel_doored_altar,
          nzn_wu_jian_council_hall
D:6:      layout_basic, grunt_temple_overflow_forces_of_nature, serial_shops,
          nicolae_shop_statue_plus, shop, shop_statue, minmay_circle_x
D:7:      layout_loops_cross, mainiacjoe_overflow_alcove_1,
          mainiacjoe_overflow_tiny_flanked, uniq_maggie
D:8:      layout_layer_cave, lemuel_round_altar, kennysheep_mini_moat,
          serial_glass, glass_columns_c, glass_columns_b
Temple:   cyrus_temple_forest

Skill      XL: |  1  2  3  4  5  6  7  8  9 |
---------------+----------------------------+-----
Stealth        | 2 3 |  3.7
Dodging        | 3 4 |  4.2
Fighting       | 3 4 |  4.0
Ranged Weapons | 5 6 8 12 13 | 13.8

Action                   |  1- 3 |  4- 6 |  7- 9 || total
-------------------------+-------+-------+-------++-------
Melee: Dagger            |       |    16 |       ||    16
       Kick              |       |     7 |       ||     7
       Peck              |       |     2 |       ||     2
 Fire: Shortbow          |    49 |   134 |       ||   183
       Arbalest          |       |       |   131 ||   131
Invok: Recall Undead Har |       |     1 |     1 ||     2
  Use: Scroll            |       |     3 |     9 ||    12
       Potion            |       |     3 |     5 ||     8
 Stab: Sleeping          |       |     1 |       ||     1
Armor: Leather armour    |     2 |    13 |    10 ||    25
       Skin              |       |     4 |       ||     4
Dodge: Dodged            |     6 |    58 |    53 ||   117

Table legend: (Time is in decaauts)
 A = Elapsed time spent in this place.
 B = Non-inter-level travel time spent in this place.
 C = Inter-level travel time spent in this place.
 D = Time resting spent in this place.
 E = Time spent auto-exploring this place.
 F = Levels seen in this place.
 G = Mean time per level.
                   A        B        C        D        E       F      G
               +--------+--------+--------+--------+--------+-----+--------+
         Total |   6409 |   6008 |    401 |   1075 |   3852 |  10 |  640.9 |
       Dungeon |   5928 |   5564 |    364 |    850 |   3716 |   8 |  741.0 |
        Temple |     83 |     47 |     36 |      0 |     35 |   1 |   83.0 |
         Sewer |    398 |    398 |      0 |    225 |    101 |   1 |  398.0 |
               +--------+--------+--------+--------+--------+-----+--------+

Top non-repeatable levels by time:
     D:4: 1005 daAuts
     D:3: 871 daAuts
     D:5: 860 daAuts
     D:6: 839 daAuts
     D:2: 829 daAuts
     D:1: 639 daAuts
     D:7: 522 daAuts
   Sewer: 398 daAuts
     D:8: 360 daAuts
  Temple: 83 daAuts
